 Dungeon Crawl Stone Soup version 0.20.1-1-g8b1a95d (webtiles) character file.

846308 Pytinka the Axe Maniac (level 27, -2/245 HPs)
             Began as a Minotaur Fighter on July 12, 2017.
             Was the Champion of Okawaru.
             Slain by a hell hog (10 damage)
             ... on level 17 of a ziggurat.
             The game lasted 04:16:45 (66103 turns).

Pytinka the Axe Maniac (Minotaur Fighter)          Turns: 66103, Time: 04:16:46

Health: -2/245     AC: 28    Str: 43    XL:     27
Magic:  21/21      EV: 25    Int: -3 (5) God:    Okawaru [******]
Gold:   8033       SH: 42    Dex: 11    Spells: 29/29 levels left

rFire    + . .     SeeInvis +   y - +9 broad axe (vamp)
rCold    + + +     Gourm    .   q - +8 large shield of Supp {rPois Regen+ Int-2}
rNeg     + . .     Faith    .   E - +5 pearl dragon scales
rPois    +         Spirit   .   (helmet restricted)
rElec    .         Reflect  +   p - scarf {cloud immunity}
rCorr    .         Harm     .   U - +0 pair of gloves of the Hunter {Regen+ Str+3 Int+6}
MR       ++...     Rnd*Rage +   g - +2 pair of boots {Fly}
Stlth    ++++......             K - +4 amulet of reflection
Regen    1.3/turn               W - ring "Iwewnioq" {+Fly rF+ rC++}
MPRegen  0.2/turn               G - ring "Umuysoha" {Str+5 Slay+5 SInv}

@: berserk cooldown, flying, slowed, lost intelligence, studying Maces & Flails,
very slow
A: retaliatory headbutt, horns 2, camouflage 1, berserk 1[+2], [blurry vision
2], cold resistance 1, [deformed body], [dopey 2], [frail 2], low mp 1[+2],
poison resistance, robust 1, strong 1, [subdued magic 2], [MP-powered wands]
}: 5/15 runes: decaying, serpentine, slimy, silver, icy
a: Heroism, Finesse, Renounce Religion, Stop Flying


You were on level 17 of a ziggurat.
You worshipped Okawaru.
Okawaru was exalted by your worship.
You were very full.

You visited 12 branches of the dungeon, and saw 58 of its levels.
You visited 1 ziggurat, and saw 17 of its levels.
You also visited: Ice Cave and Wizlab.

You collected 10604 gold pieces.
You spent 2571 gold pieces at shops.

Inventory:

Hand Weapons
 r - the cursed +0 executioner's axe of the Rattle-Snake {chop, MR+ Str+4 Int+4 SInv, unknown}
   (You found it on level 14 of a ziggurat)

   It inflicts extra damage upon your enemies.
   It affects your strength (+4).
   It affects your intelligence (+4).
   It affects your resistance to hostile enchantments.
   It lets you see invisible.
   It has a curse placed upon it.
 y - a +9 vampiric broad axe (weapon)
 V - the +2 broad axe "Taydemn" {vamp, rPois Dex+4, unknown}
   (Okawaru gifted it to you on level 16 of a ziggurat)

   It inflicts no extra harm, but heals its wielder when it wounds a living foe.
   It affects your dexterity (+4).
   It protects you from poison.
Armour
 a - the +0 pair of fencer's gloves {+Riposte Dex+3}
   (You found it on level 12 of a ziggurat)

   It affects your dexterity (+3).
 g - a +2 pair of boots of flying (worn)
 p - a scarf of cloud immunity (worn)
 q - the +8 large shield of Supp (worn) {rPois Regen+ Int-2}
   (Okawaru gifted it to you on level 6 of the Lair of Beasts)

   It affects your intelligence (-2).
   It protects you from poison.
   It increases your rate of regeneration.
 E - +5 pearl dragon scales (worn)
 P - the +8 scale mail "Jitouw" {+Inv MR++ Slay+4}
   (You took it off a vault warden on level 5 of the Vaults)

   It affects your accuracy and damage with ranged weapons and melee attacks
   (+4).
   It affects your resistance to hostile enchantments.
   It lets you turn invisible.
 U - the +0 pair of gloves of the Hunter (worn) {Regen+ Str+3 Int+6}
   (Okawaru gifted it to you on level 4 of the Vaults)

   It affects your strength (+3).
   It affects your intelligence (+6).
   It increases your rate of regeneration.
Jewellery
 o - the ring of Yredelemnul's Anger {rF+ MR+}
   (You found it on level 8 of a ziggurat)

   [ring of protection from magic]

   It protects you from fire.
   It affects your resistance to hostile enchantments.
 v - an uncursed ring of resist corrosion
 z - the ring "Hont" {rF- rC+ rN+ Str+5}
   (You found it on level 3 of the Elven Halls)

   [ring of positive energy]

   It affects your strength (+5).
   It makes you vulnerable to fire.
   It protects you from cold.
   It protects you from negative energy.
 G - the ring "Umuysoha" (right hand) {Str+5 Slay+5 SInv}
   (You found it on level 15 of a ziggurat)

   [ring of slaying]

   It affects your strength (+5).
   It affects your accuracy and damage with ranged weapons and melee attacks
   (+5).
   It lets you see invisible.
 K - a +4 amulet of reflection (around neck)
 W - the ring "Iwewnioq" (left hand) {+Fly rF+ rC++}
   (You found it on level 16 of a ziggurat)

   [ring of protection from fire]

   It protects you from fire.
   It greatly protects you from cold.
   It lets you fly.
Wands
 s - a wand of digging (11/24)
 D - a wand of digging (12/24)
 N - a wand of disintegration (7/24)
Scrolls
 c - 6 scrolls of summoning
 d - 5 scrolls of enchant weapon
 i - 6 scrolls of blinking
 j - 8 scrolls of recharging
 l - 21 scrolls of teleportation
 n - a scroll of holy word
 u - 28 scrolls of remove curse
 B - 8 scrolls of fear
 F - 5 scrolls of fog
 J - 7 scrolls of magic mapping
 O - 2 scrolls of silence
 Q - 3 scrolls of identify
Potions
 b - 4 potions of mutation
 e - 13 potions of curing
 w - 2 potions of haste
 A - a potion of heal wounds
 C - 3 potions of cancellation
 H - 2 potions of invisibility
 M - 2 potions of ambrosia
 T - 2 potions of might
Books
 m - a book of Battle

   Spells                             Type                      Level
   a - Infusion                       Charms                       1
   b - Shroud of Golubria             Charms/Translocation         2
   c - Song of Slaying                Charms                       2
   d - Spectral Weapon                Hexes/Charms                 3
   e - Regeneration                   Charms/Necromancy            3
 x - a manual of Maces & Flails
Miscellaneous
 L - the horn of Geryon
 X - 2 phantom mirrors
Comestibles
 f - 24 bread rations
 h - 17 meat rations
 k - 23 royal jellies


   Skills:
 O Level 27 Fighting
   Level 3.2 Long Blades
 O Level 27 Axes
   Level 4.0(19.0) Polearms
 + Level 2.6 Throwing
 * Level 25.7 Armour
 + Level 26.8 Dodging
 + Level 12.5 Stealth
 O Level 27 Shields
 - Level 1.5 Unarmed Combat
 + Level 1.7 Spellcasting
 - Level 8.1 Invocations
 * Level 12.5 Evocations


You had 29 spell levels left.
You didn't know any spells.

Dungeon Overview and Level Annotations

Branches:
Dungeon (15/15)            Temple (1/1) D:7            Lair (6/6) D:9
  Swamp (4/4) Lair:3        Snake (4/4) Lair:2        Slime (5/5) Lair:5
    Orc (2/2) D:12            Elf (3/3) Orc:2        Vaults (5/5) D:14
  Crypt (0/3) Vaults:2     Depths (5/5) D:15           Hell (1/1)
    Dis (0/7) Hell            Geh (0/7) Hell            Coc (7/7) Hell
    Tar (0/7) Hell
    Zot: Depths:5

Altars:
Cheibriados
Hepliaklqana
Makhleb
Okawaru
Vehumet
Yredelemnul
The Shining One
Beogh
Jiyva

Shops:
D:6 **(=   D:9 =   Orc:1 :   Orc:2 [?(?   Vaults:1 }   Vaults:2 ***[?[
Vaults:5 !   Depths:4 (

Portals:
Hell: Depths:1 Depths:2 Depths:3 Depths:4 Depths:5
Abyss: Depths:1 Depths:3 Depths:4
Pandemonium: Depths:1 Depths:2 Depths:3 Depths:4
Trove: D:12 (give +3 gold dragon scales)


Innate Abilities, Weirdness & Mutations

You reflexively headbutt those who attack you in melee.
You have a pair of horns on your head.
Your skin changes colour to match your surroundings (Stealth+).
Your flesh is cold resistant. (rC+)
Your system is resistant to poisons. (rPois)
You are robust. (+10% HP)
Your muscles are strong. (Str +2)
[You have an uncontrollable temper.]
[Scrolls take you longer to read.]
[Armour fits poorly on your strangely shaped body.]
[You are very dopey. (Int -4)]
[You are very frail. (-20% HP)]
[Your magical capacity is extremely low. (-30% MP)]
[Your spells are easier to cast, but less powerful.]
[You expend magic power (3 MP) to strengthen your wands.]


Message History

The starcursed mass engulfs you but does no damage.
A starcursed mass splits.
Really read with blurry vision while enemies are nearby? [Y]es or [N]o only, please.
Really read with blurry vision while enemies are nearby? [Y]es or [N]o only, please.
Really read with blurry vision while enemies are nearby? [Y]es or [N]o only, please.
Really read with blurry vision while enemies are nearby?
You almost manage to decipher the scroll, but fail in this attempt.
The starcursed mass shimmers and vanishes! x2
You block the spatial maelstrom's attack. x2
You block the ufetubus's attack. The ufetubus closely misses you.
The hell hog bites you.
* * * LOW HITPOINT WARNING * * *
The spatial maelstrom misses you.
The spatial maelstrom closely misses you.
You block the starcursed mass's attack. x2; A starcursed mass splits.
The hell hog bites you!
You die...

▓▓▓▓▓▓▓.........
........................
.........................
.................5.5.5$?$
................3§*W*./[?
...........≈§≈.4X§3X*5}?)
...........≈8≈.X5.X.E5:(5
...........≈≈≈XXXXXX.w3![
...............X@vXXXXX)}
...............XXht3X.![?
................XXE.X....
..................3x5....
▓▓▓▓▓▓▓...........▓▓▓▓▓▓▓
▓...........▓
▓...........▓
▓...........▓
▓...........▓


You could see 20 starcursed masses, a tentacled starspawn, a spatial maelstrom,
3 wretched stars, a hell hog, an orange demon, an apocalypse crab, a large
abomination, a freezing wraith, a sixfirhy, 2 smoke demons, 2 fire elementals, a
neqoxec, a ynoxinul, a small abomination, a starspawn tentacle, a white imp and
6 ufetubi.

Vanquished Creatures
  Antaeus (Coc:7)
  the Royal Jelly (Slime:5)
  2 ancient liches
  Mara (Vaults:4)
  4 juggernauts
  2 greater mummies
  Frederick (Vaults:4)
  25 shard shrikes
  Margery (Depths:3)
  A caustic shrike (shapeshifter) (Zig:12)
  Saint Roka (Vaults:2)
  3 Killer Klowns (Zig:12)
  Geryon (Hell)
  2 caustic shrikes (Depths:4)
  A golden dragon (shapeshifter) (Zig:12)
  A golden dragon (Vaults:5)
  Nikola (Swamp:3)
  9 bone dragons
  A mutant beast (WizLab)
  6 Tzitzimimeh
  Jorgrun (Vaults:2)
  A Brimstone Fiend (Coc:3)
  33 Ice Fiends
  8 tentacled monstrosities
  2 Hell Sentinels (Zig:16)
  12 liches
  Asterion (Snake:4)
  3 deep elf master archers
  4 titans
  The ghost of Elsvaer the Apostle, an adept HOMo of Beogh (Snake:4)
  21 acid blobs
  5 sphinxes
  2 quicksilver dragons
  A tentacled starspawn (Zig:17)
  A sphinx (shapeshifter) (Zig:12)
  Gastronok (Orc:1)
  4 ancient champions (Zig:15)
  5 deep elf blademasters
  2 Executioners (Zig:16)
  5 eldritch tentacles
  3 tengu reavers
  3 thorn hunters
  7 storm dragons
  5 shadow dragons
  5 pandemonium lords
  Agnes (Snake:1)
  3 revenants
  A draconian monk (Zig:11)
  17 azure jellies
  8 fire giants
  8 nagarajas
  2 draconian knights (Zig:11)
  A frost giant (shapeshifter) (Depths:2)
  27 vault wardens
  A warmonger (Zig:16)
  2 orc warlords (Orc:2)
  2 balrugs
  2 draconian scorchers (Zig:11)
  2 emperor scorpions
  3 black suns (Zig:16)
  10 deep elf sorcerers
  16 frost giants
  2 iron dragons
  5 ghost moths
  Louise (Snake:4)
  2 angels (Depths:5)
  4 deep elf elementalists (Elf:3)
  2 spriggan defenders (Depths:4)
  3 juggernaut zombies
  20 reapers
  16 stone giants
  A draconian annihilator (Zig:11)
  24 ironheart preservers
  6 elemental wellsprings
  A war gargoyle (Hell)
  A caustic shrike skeleton (Zig:5)
  6 entropy weavers
  Nessos (D:15)
  32 very ugly things
  A blood saint (Zig:16)
  A red draconian (Zig:11)
  2 green draconians
  3 yellow draconians (Zig:11)
  5 deep elf demonologists
  A black draconian (Zig:11)
  2 white draconians (Zig:11)
  14 large abominations
  A lorocyproca (Zig:16)
  6 deep elf annihilators
  2 spark wasps (Depths:1)
  25 blizzard demons
  A purple draconian (Zig:11)
  2 mummy priests
  2 green deaths
  6 deep elf death magi
  4 eidola (Zig:15)
  12 ettins
  5 quicksilver dragon zombies
  Snorg (Lair:6)
  9 death oozes
  4 fire dragons
  12 yaktaur captains
  A kraken zombie (Coc:7)
  2 jiangshi (Zig:15)
  3 quicksilver dragon skeletons
  12 deep elf high priests
  The ghost of Syrinius the Fighter, a journeyman GrFi of Uskayaw (IceCv)
  20 ogre magi
  51 ice dragons
  13 great orbs of eyes
  44 vault guards
  7 rakshasas
  2 hell beasts
  14 naga warriors
  12 hydras
  A ghost crab (Swamp:2)
  2 hydras (shapeshifter)
  Harold (Lair:3)
  10 alligators
  3 catoblepae (Lair:6)
  2 spriggan air magi
  10 centaur warriors
  9 anacondas
  Erica (Orc:1)
  53 two-headed ogres
  3 death knights
  14 deep troll shamans
  A death scarab (Zig:10)
  35 dancing weapons
  Urug (D:15)
  12 deep troll earth magi
  8 vampire magi
  8 shock serpents
  9 tengu warriors
  An iron golem (WizLab)
  13 death yaks (Lair:6)
  A thrashing horror (Zig:17)
  8 orc high priests
  6 titan zombies
  2 hell hogs (Depths:4)
  15 small abominations
  27 hell knights
  3 sun demons
  4 spriggan berserkers
  The ghost of xhc the Digger, a novice GrEE of Vehumet (D:10)
  6 naga sharpshooters
  5 titan skeletons
  25 deep elf knights
  5 salamander mystics
  5 storm dragon zombies
  5 iron trolls
  A spriggan (Swamp:2)
  4 wretched stars (Zig:17)
  An iron troll (shapeshifter) (Zig:12)
  11 soul eaters
  3 sixfirhies
  44 skeletal warriors
  A spark wasp zombie (Zig:9)
  A ghost moth zombie (Coc:3)
  2 shadow wraiths (Hell)
  A death drake (Depths:5)
  A spatial maelstrom (Zig:17)
  6 storm dragon skeletons
  A glowing orange brain (shapeshifter) (Vaults:5)
  A death drake (shapeshifter) (WizLab)
  2 spriggan druids (Swamp:2)
  An entropy weaver zombie (Vaults:2)
  4 golden dragon zombies
  39 deep trolls
  6 unseen horrors
  4 wizards
  15 anaconda zombies
  3 flayed ghosts
  A sea snake (shapeshifter) (WizLab)
  3 kraken simulacra
  8 glowing orange brains
  8 necromancers
  2 shadow dragon zombies (Coc:6)
  23 deep elf archers
  A quicksilver dragon simulacrum (Depths:4)
  3 swamp dragons
  2 shambling mangroves
  92 deep elf magi
  4 shadow demons
  10 naga ritualists
  A lindwurm (Depths:5)
  15 ironbrand convokers
  5 orc sorcerers
  9 anaconda skeletons
  An obsidian statue (Zig:8)
  4 golden dragon skeletons
  9 mana vipers
  2 iron dragon zombies
  5 phantasmal warriors
  2 wolf spider zombies
  5 frost giant zombies
  13 orc knights
  A shadow dragon skeleton (Coc:2)
  A wolf spider (shapeshifter) (Elf:3)
  7 oklob plants
  7 wolf spiders
  A mana viper (shapeshifter) (Depths:2)
  3 orb spiders (Zig:14)
  64 ugly things
  A shining eye (shapeshifter) (WizLab)
  A manticore (shapeshifter) (WizLab)
  A tengu skeleton (Vaults:4)
  18 salamanders
  2 cyclopes
  2 human zombies
  A cyclops (shapeshifter) (Vaults:5)
  2 salamanders (shapeshifter)
  12 shining eyes
  A moth of wrath (Zig:14)
  5 manticores
  3 fire giant zombies
  40 black mambas
  6 stone giant zombies
  4 guardian serpents
  3 fire giant skeletons
  9 frost giant skeletons
  2 iron dragon skeletons
  6 rust devils
  23 elephants
  4 stone giant skeletons
  13 vault sentinels
  4 black mambas (shapeshifter)
  4 centaur zombies
  3 apocalypse crabs (Zig:12)
  11 naga magi
  A titan simulacrum (Coc:7)
  An orange demon (Depths:2)
  3 spiny frogs (shapeshifter)
  4 dire elephant zombies
  A torpor snail (shapeshifter) (Vaults:5)
  11 smoke demons
  5 ice statues
  A guardian serpent (shapeshifter) (D:13)
  5 dire elephant skeletons
  7 rime drakes
  2 eyes of devastation
  3 gargoyles
  A shock serpent skeleton (Coc:7)
  13 spiny frogs
  An emperor scorpion zombie (Coc:7)
  An efreet (D:15)
  49 yaktaurs
  A komodo dragon (shapeshifter) (Vaults:2)
  6 komodo dragons
  19 tormentors
  2 yaktaurs (shapeshifter) (WizLab)
  6 hellions
  A golden dragon simulacrum (Coc:7)
  4 demonic crawlers
  An ancient zyme (Zig:17)
  30 hydra zombies
  7 tengu conjurers
  4 guardian mummies (Zig:10)
  50 ice devils
  2 elves (WizLab)
  A hellwing (Depths:3)
  2 elf skeletons
  2 jumping spiders (shapeshifter)
  3 meliai (D:15)
  A meliai (shapeshifter) (WizLab)
  52 freezing wraiths
  3 red devils
  2 trolls (shapeshifter)
  2 tyrant leeches (shapeshifter)
  A queen bee (shapeshifter) (Depths:2)
  7 tyrant leeches
  4 blink frogs (Lair:4)
  A shadow dragon simulacrum (Coc:5)
  13 hornets
  18 trolls
  3 wind drakes (shapeshifter)
  A wolf spider simulacrum (Coc:6)
  Prince Ribbit (D:5)
  A hornet (shapeshifter) (Vaults:4)
  9 hydra skeletons
  2 ice dragon zombies
  4 jumping spiders (Zig:14)
  A dream sheep (shapeshifter) (Elf:3)
  5 hippogriffs
  A hippogriff (shapeshifter) (Vaults:1)
  142 slime creatures
  15 bog bodies
  An iron dragon simulacrum (Coc:3)
  8 ettin zombies
  A meliai zombie (D:10)
  15 alligator zombies
  3 fire dragon zombies
  2 snapping turtles (shapeshifter)
  A tarantella (shapeshifter) (WizLab)
  6 tarantellas
  5 redbacks (Zig:14)
  2 ynoxinuls
  10 air elementals
  4 ettin skeletons
  6 fire dragon skeletons
  2 redbacks (shapeshifter)
  16 starcursed masses (Zig:17)
  57 flying skulls
  A vampire (D:13)
  2 ice dragon skeletons
  14 shadows
  An elf simulacrum (Zig:17)
  2 ushabtiu
  17 wraiths
  4 fire bats (Depths:3)
  A spriggan (shapeshifter) (Vaults:5)
  An elf zombie (Zig:9)
  13 fire elementals
  A wyvern (D:13)
  Eustachio (D:5)
  12 water elementals
  42 yaks
  8 alligator skeletons
  24 golden eyes
  A hog (shapeshifter) (WizLab)
  4 basilisks
  A golden eye (shapeshifter) (Vaults:5)
  A human (shapeshifter) (WizLab)
  4 humans (WizLab)
  A black mamba skeleton (Coc:4)
  5 hungry ghosts
  A steam dragon (shapeshifter) (WizLab)
  A neqoxec (Zig:17)
  4 chaos spawn
  A yaktaur simulacrum (Vaults:2)
  15 vampire mosquitoes
  6 swamp worm simulacra (Swamp:4)
  A spatial vortex (Coc:1)
  Edmund (D:4)
  15 insubstantial wisps (Swamp:1)
  58 nagas
  31 swamp worms
  6 wargs
  6 acid dragons
  An acid dragon (shapeshifter) (WizLab)
  9 water moccasins
  5 floating eyes
  14 hell hounds
  A soldier ant (D:15)
  26 spiny frog zombies
  9 porcupines
  20 hydra simulacra
  A hornet zombie (D:15)
  A merfolk skeleton (Coc:7)
  A floating eye (shapeshifter) (Depths:4)
  3 sky beasts
  4 black bears
  An ice dragon simulacrum (Coc:4)
  4 swamp dragon zombies
  69 orc warriors
  4 spiny frog skeletons
  33 ice beasts
  7 phantoms
  3 snapping turtle zombies
  5 swamp drakes
  2 black bears (shapeshifter)
  A manticore zombie (Coc:6)
  2 necrophages
  The ghost of Pytinka the Skirmisher, an amateur MiFi (D:3)
  11 eyes of draining
  2 eyes of draining (shapeshifter) (WizLab)
  9 boggarts
  2 fire dragon simulacra
  A tengu (shapeshifter) (Vaults:5)
  7 wolves
  55 ogres
  5 human skeletons
  A wolf (shapeshifter) (Vaults:5)
  A swamp dragon skeleton (Coc:3)
  A manticore skeleton (Coc:3)
  17 centaurs
  10 crocodiles
  2 snapping turtle skeletons
  A crocodile (shapeshifter) (WizLab)
  17 bullfrogs
  A big kobold (D:8)
  A wyvern zombie (D:12)
  2 gnoll sergeants
  A bullfrog (shapeshifter) (WizLab)
  A glowing shapeshifter simulacrum (Vaults:3)
  5 earth elementals
  3 spiny frog simulacra
  6 scorpions
  A water moccasin skeleton (D:6)
  16 killer bees
  6 howler monkeys
  24 wights
  An electric eel (Lair:5)
  10 crimson imps
  3 bullfrog zombies
  6 hounds
  38 orc priests
  A wyvern simulacrum (D:14)
  3 jellies
  33 orc wizards
  5 quasits
  Crazy Yiuf (D:3)
  4 bullfrog skeletons
  3 centaur skeletons
  8 iron imps
  12 hell rats
  2 iguanas
  20 worker ants
  Ijyb (D:4)
  A lightning spire (Zig:5)
  A killer bee zombie (D:8)
  2 ogre zombies
  2 hound zombies
  A hound skeleton (D:8)
  12 mummies
  9 gnolls
  2 howler monkey skeletons
  10 adders
  8 shadow imps
  33 white imps
  2 swamp drake simulacra (Swamp:4)
  2 ufetubi (Depths:2)
  An ooze (D:4)
  10 worms
  A dart slug (D:5)
  4 leopard geckos
  141 orcs
  5 giant cockroaches
  4 goblins
  5 hobgoblins
  8 jackals
  5 quokkas
  4 bats
  7 frilled lizards
  12 kobolds
  2 kobold zombies
  A leopard gecko skeleton (D:4)
  A leopard gecko zombie (D:6)
  An orc skeleton (Coc:6)
  18 rats
  13 briar patches (Swamp:3)
  12 crawling corpses
  11 fungi
  9 plants
  2 starspawn tentacles (Zig:17)
  3 tentacles (Coc:7)
3634 creatures vanquished.

Vanquished Creatures (collateral kills)
  A vault warden (Vaults:5)
  A two-headed ogre (Vaults:5)
  A fire elemental (Hell)
  A crawling corpse (Vaults:5)
4 creatures vanquished.

Vanquished Creatures (others)
  3 deep elf master archers (Zig:13)
  A reaper (Zig:16)
  A blood saint (Zig:16)
  2 elemental wellsprings
  2 stone giants (Vaults:5)
  A blizzard demon (Coc:7)
  5 yaktaur captains
  2 centaur warriors
  A two-headed ogre (Vaults:1)
  A naga sharpshooter (Snake:2)
  4 deep elf knights
  A flayed ghost (Vaults:1)
  6 deep elf archers
  An anaconda skeleton (Coc:4)
  An orb spider (Zig:14)
  A deep elf mage (Vaults:4)
  A spiny frog (Swamp:4)
  16 yaktaurs
  A hornet (Swamp:1)
  An ettin skeleton (Coc:7)
  A wraith (Vaults:2)
  A water elemental (Coc:3)
  A hell hound (Zig:8)
  A spiny frog zombie (Coc:7)
  An ogre (Vaults:2)
  2 centaurs
  A small abomination (Zig:17)
  A quasit (Depths:2)
  An orc priest (Orc:2)
  A ball lightning (Snake:1)
  An orc (Elf:1)
  A briar patch (Swamp:3)
  5 fungi
  9 plants
  A starspawn tentacle (Zig:17)
  9 tentacles (Coc:7)
89 creatures vanquished.

Grand Total: 3727 creatures vanquished

Notes
Turn   | Place    | Note
-------+----------+-------------------------------------------
     0 | D:1      | Pytinka the Minotaur Fighter began the quest for the Orb.
     0 | D:1      | Reached XP level 1. HP: 19/19 MP: 0/0
    98 | D:1      | Reached XP level 2. HP: 19/27 MP: 1/1
   483 | D:1      | Reached XP level 3. HP: 28/33 MP: 2/2
  1413 | D:3      | Noticed Pytinka's ghost (amateur MiFi)
  1419 | D:3      | Reached skill level 1 in Dodging
  1419 | D:3      | Reached XP level 4. HP: 24/40 MP: 3/3
  1426 | D:3      | Killed Pytinka's ghost
  1426 | D:3      | Reached XP level 5. HP: 18/47 MP: 4/4
  1674 | D:3      | Noticed a hippogriff
  1687 | D:3      | Killed a hippogriff
  1687 | D:3      | Reached skill level 5 in Armour
  1687 | D:3      | Reached XP level 6. HP: 21/53 MP: 5/5
  2177 | D:3      | Found a runed door.
  2235 | D:3      | Noticed Crazy Yiuf
  2238 | D:3      | Killed Crazy Yiuf
  2238 | D:3      | Reached skill level 5 in Axes
  2771 | D:4      | Noticed Ijyb
  2897 | D:4      | Killed Ijyb
  3070 | D:4      | Reached XP level 7. HP: 52/60 MP: 6/6
  3123 | D:4      | Reached skill level 5 in Shields
  3365 | D:4      | Noticed Edmund
  3411 | D:4      | Killed Edmund
  3628 | D:4      | Reached skill level 5 in Fighting
  4047 | D:5      | Entered Level 5 of the Dungeon
  4195 | D:5      | Reached XP level 8. HP: 68/68 MP: 7/7
  4243 | D:5      | Noticed Eustachio
  4269 | D:5      | Killed Eustachio
  4295 | D:5      | Noticed Prince Ribbit
  4311 | D:5      | Killed Prince Ribbit
  4311 | D:5      | Reached skill level 1 in Stealth
  4777 | D:6      | Found Laypt's Assorted Antiques.
  4905 | D:6      | Bought a sapphire ring for 85 gold pieces
  4905 | D:6      | Bought a runed broad axe for 119 gold pieces
  5312 | D:6      | Reached XP level 9. HP: 64/75 MP: 6/8
  5388 | D:6      | Found Gaicoh's Assorted Antiques.
  5441 | D:6      | Found Eshul's Jewellery Shop.
  5539 | D:6      | Found Kuisag's Antique Weapon Shoppe.
  6097 | D:7      | Found a staircase to the Ecumenical Temple.
  6104 | Temple   | Entered the Ecumenical Temple
  6113 | Temple   | Became a worshipper of Warmaster Okawaru
  6319 | D:8      | Reached skill level 10 in Axes
  6446 | D:8      | Reached skill level 5 in Dodging
  6526 | D:8      | Reached * piety under Okawaru
  7350 | D:9      | Noticed a two-headed ogre
  7359 | D:9      | Killed a two-headed ogre
  7359 | D:9      | Reached ** piety under Okawaru
  7359 | D:9      | Reached XP level 10. HP: 45/86 MP: 4/9
  7811 | D:9      | Found a staircase to the Lair.
  7846 | D:9      | Found Piakhigirgh's Jewellery Shoppe.
  8521 | D:10     | Entered Level 10 of the Dungeon
  8528 | D:10     | Reached *** piety under Okawaru
  8940 | D:10     | Noticed xhc's ghost (novice GrEE)
  8954 | D:10     | Killed xhc's ghost
  8954 | D:10     | Reached **** piety under Okawaru
  8986 | D:10     | Reached XP level 11. HP: 74/95 MP: 10/10
  8990 | D:10     | Gained mutation: [Your magical capacity is low. (-10% MP)] [mutagenic meat]
  8991 | D:10     | Gained mutation: You are robust. (+10% HP) [mutagenic meat]
  8992 | D:10     | Gained mutation: You possess an exceptional clarity of mind. [mutagenic meat]
  9553 | D:11     | Noticed a two-headed ogre
  9563 | D:11     | Killed a two-headed ogre
  9872 | D:11     | Noticed a centaur warrior
  9883 | D:11     | Killed a centaur warrior
 10003 | D:11     | Reached ***** piety under Okawaru
 10401 | D:11     | Noticed a two-headed ogre
 10406 | D:11     | Killed a two-headed ogre
 10638 | D:12     | Found a portal to a secret trove of treasure.
 10769 | D:12     | Noticed a green ugly thing
 10780 | D:12     | Killed a green ugly thing
 10780 | D:12     | Reached skill level 10 in Shields
 10833 | D:12     | Found a staircase to the Orcish Mines.
 11263 | D:12     | Reached ****** piety under Okawaru
 11506 | D:12     | Received a gift from Okawaru
 11620 | D:13     | Reached XP level 12. HP: 115/115 MP: 9/9
 11664 | D:13     | Noticed a centaur warrior
 11674 | D:13     | Killed a centaur warrior
 11674 | D:13     | Reached skill level 15 in Axes
 11749 | D:13     | Lost mutation: You possess an exceptional clarity of mind. [mutagenic meat]
 11750 | D:13     | Gained mutation: [You tend to lose your temper in combat.] [mutagenic meat]
 11751 | D:13     | Gained mutation: You have a pair of large horns on your head. [mutagenic meat]
 11752 | D:13     | Lost mutation: [Your magical capacity is low. (-10% MP)] [mutagenic meat]
 11784 | D:13     | Gained mutation: You evolve. [mutagenic meat]
 11785 | D:13     | Gained mutation: [Your spells are a little easier to cast, but a little less powerful.] [mutagenic meat]
 11786 | D:13     | Gained mutation: Your muscles are strong. (Str +2) [mutagenic meat]
 11787 | D:13     | Gained mutation: You have sharp toenails. [mutagenic meat]
 11823 | D:13     | Reached skill level 10 in Fighting
 11826 | D:13     | Noticed an ogre mage
 11921 | D:13     | Received a gift from Okawaru
 12145 | D:13     | Noticed a centaur warrior
 12157 | D:13     | Killed a centaur warrior
 12165 | D:13     | Killed an ogre mage
 12166 | D:13     | Noticed a deep troll earth mage
 12171 | D:13     | Killed a deep troll earth mage
 12478 | D:13     | Noticed a death knight
 12488 | D:13     | Killed a death knight
 12628 | D:13     | Noticed a centaur warrior
 13115 | Lair:1   | Entered Level 1 of the Lair of Beasts
 13841 | Lair:2   | Found a staircase to the Snake Pit.
 13943 | Lair:2   | Noticed a five-headed hydra
 13948 | Lair:2   | Reached XP level 13. HP: 124/127 MP: 10/12
 14120 | Lair:2   | Received a gift from Okawaru
 14727 | Lair:2   | Lost mutation: You are robust. (+10% HP) [evolution]
 15107 | Lair:3   | Noticed Harold
 15127 | Lair:3   | Killed Harold
 15404 | Lair:3   | Found a staircase to the Swamp.
 16159 | Lair:3   | Received a gift from Okawaru
 16542 | Lair:4   | Found a frozen archway.
 16548 | Lair:4   | Reached skill level 1 in Invocations
 16557 | IceCv    | Entered an ice cave
 16573 | IceCv    | Noticed Syrinius's ghost (journeyman GrFi)
 16596 | IceCv    | Killed Syrinius's ghost
 16817 | IceCv    | Reached skill level 10 in Armour
 17072 | IceCv    | Got a bound steel ring
 17274 | IceCv    | Identified the ring "Tearoed" {rPois rC+ Str+3 Dex-3} (You found it in an ice cave)
 17396 | Lair:4   | Received a gift from Okawaru
 17714 | Lair:4   | Got a crystal war axe {god gift}
 17715 | Lair:4   | Identified the +6 war axe of Okawaru {venom, rC- Dex-2 SInv Stlth+} (Okawaru gifted it to you on level 4 of the Lair of Beasts)
 17909 | Lair:4   | Gained mutation: Your flesh is heat resistant. (rF+) [evolution]
 18521 | Lair:5   | Reached XP level 14. HP: 124/127 MP: 15/15
 18647 | Lair:5   | Found a staircase to the Slime Pits.
 19188 | Lair:6   | Entered Level 6 of the Lair of Beasts
 19675 | Lair:6   | Received a gift from Okawaru
 19678 | Lair:6   | Got a faintly humming large shield {god gift}
 19730 | Lair:6   | Identified the +8 large shield of Supp {rPois Regen+ Int-2} (Okawaru gifted it to you on level 6 of the Lair of Beasts)
 20061 | Lair:6   | Noticed Snorg
 20075 | Lair:6   | Killed Snorg
 20322 | Lair:6   | Reached skill level 5 in Invocations
 20638 | Lair:6   | Received a gift from Okawaru
 21317 | D:6      | Bought a scroll of enchant armour for 195 gold pieces
 21317 | D:6      | Bought a scroll of enchant weapon for 195 gold pieces
 21317 | D:6      | Bought a scroll of identify for 52 gold pieces
 21557 | Orc:1    | Entered Level 1 of the Orcish Mines
 21557 | Orc:1    | Noticed Gastronok
 21591 | D:12     | Reached XP level 15. HP: 132/137 MP: 17/17
 21662 | Orc:1    | Killed Gastronok
 21693 | Orc:1    | Found Wutuekhopol's Book Shoppe.
 21718 | Orc:1    | Found a roughly hewn altar of Beogh.
 21733 | Orc:1    | Noticed Erica
 21738 | Orc:1    | Killed Erica
 21762 | Orc:1    | Gained mutation: You are resistant to electric shocks. (rElec) [evolution]
 22133 | Orc:2    | Entered Level 2 of the Orcish Mines
 22307 | Orc:2    | Noticed an orc warlord
 22323 | Orc:2    | Killed an orc warlord
 22423 | Orc:2    | Noticed an orc warlord
 22453 | Orc:2    | Killed an orc warlord
 22453 | Orc:2    | Reached skill level 15 in Shields
 22504 | Orc:2    | Found a roughly hewn altar of Beogh.
 22571 | Orc:2    | Found Oplut's Armour Emporium.
 22664 | Orc:2    | Found Wairuq's Magic Scroll Shoppe.
 22691 | Orc:2    | Bought a scroll of identify for 26 gold pieces
 22691 | Orc:2    | Bought a scroll of teleportation for 39 gold pieces
 22691 | Orc:2    | Bought a scroll of teleportation for 39 gold pieces
 23012 | Orc:2    | Found a roughly hewn altar of Beogh.
 23100 | Orc:2    | Received a gift from Okawaru
 23176 | Orc:2    | Found Taaw's Magic Scroll Boutique.
 23187 | Orc:2    | Bought a scroll of identify for 32 gold pieces
 23187 | Orc:2    | Bought a scroll of recharging for 152 gold pieces
 23187 | Orc:2    | Bought a scroll of magic mapping for 56 gold pieces
 23187 | Orc:2    | Bought a scroll of magic mapping for 56 gold pieces
 23187 | Orc:2    | Bought a scroll of identify for 32 gold pieces
 23187 | Orc:2    | Bought a scroll of teleportation for 48 gold pieces
 23187 | Orc:2    | Bought a scroll of enchant weapon for 120 gold pieces
 23191 | Orc:2    | Lost mutation: [You tend to lose your temper in combat.] [potion of mutation]
 23191 | Orc:2    | Lost mutation: Your muscles are strong. (Str +2) [potion of mutation]
 23191 | Orc:2    | Lost mutation: You have sharp toenails. [potion of mutation]
 23191 | Orc:2    | Lost mutation: You have a pair of large horns on your head. [potion of mutation]
 23191 | Orc:2    | Gained mutation: [You are frail. (-10% HP)] [potion of mutation]
 23191 | Orc:2    | Gained mutation: [Armour fits poorly on your strangely shaped body.] [potion of mutation]
 23191 | Orc:2    | Lost mutation: [Your spells are a little easier to cast, but a little less powerful.] [potion of mutation]
 23198 | Orc:2    | Found Poggiuhe's Weapon Shop.
 23301 | Orc:2    | Got a scorched mace {venom}
 23302 | Orc:2    | Identified the +8 mace "Giantslayer" {venom, rPois rC+} (You took it off an orc warrior on level 2 of the Orcish Mines)
 23427 | Orc:2    | Found a staircase to the Elven Halls.
 23489 | Orc:2    | Paralysed by an orc sorcerer for 7 turns
 23899 | D:13     | Lost mutation: [You are frail. (-10% HP)] [evolution]
 24560 | D:14     | Found an iron altar of Okawaru.
 24721 | D:14     | Found a gate to the Vaults.
 24741 | D:14     | Received a gift from Okawaru
 24785 | D:14     | Reached XP level 16. HP: 144/147 MP: 14/19
 24903 | D:15     | Entered Level 15 of the Dungeon
 24904 | D:15     | Noticed Urug
 24921 | D:15     | Killed Urug
 25139 | D:15     | Noticed Nessos
 25182 | D:15     | Killed Nessos
 25304 | D:15     | Found a staircase to the Depths.
 26069 | D:15     | Reached skill level 15 in Fighting
 26078 | D:15     | Gained mutation: [You expend magic power (3 MP) to strengthen your wands.] [mutagenic meat]
 26080 | D:15     | Gained mutation: Your muscles are strong. (Str +2) [mutagenic meat]
 26090 | D:15     | Found a hazy altar of Hepliaklqana.
 26137 | D:15     | Received a gift from Okawaru
 26146 | D:15     | Got an encrusted broad axe {god gift}
 26147 | D:15     | Identified the +5 broad axe of Gallantry {elec, rF++ SInv} (Okawaru gifted it to you on level 15 of the Dungeon)
 26191 | D:15     | Gained mutation: [Your magical capacity is low. (-10% MP)] [mutagenic meat]
 26192 | D:15     | Lost mutation: Your muscles are strong. (Str +2) [mutagenic meat]
 26439 | Depths:1 | Entered Level 1 of the Depths
 26660 | Swamp:1  | Entered Level 1 of the Swamp
 26665 | Swamp:1  | Reached skill level 10 in Dodging
 27223 | Swamp:1  | Received a gift from Okawaru
 27511 | Swamp:2  | Lost mutation: [You expend magic power (3 MP) to strengthen your wands.] [potion of mutation]
 27511 | Swamp:2  | Lost mutation: [Your magical capacity is low. (-10% MP)] [potion of mutation]
 27511 | Swamp:2  | Lost mutation: You evolve. [potion of mutation]
 27511 | Swamp:2  | Gained mutation: [Your magical capacity is low. (-10% MP)] [potion of mutation]
 27511 | Swamp:2  | Gained mutation: [You are dopey. (Int -2)] [potion of mutation]
 27511 | Swamp:2  | Gained mutation: You have large cloven feet. [potion of mutation]
 28054 | Swamp:3  | Noticed a thorn hunter
 28064 | Swamp:3  | Killed a thorn hunter
 28064 | Swamp:3  | Reached XP level 17. HP: 91/156 MP: 18/18
 28285 | Swamp:3  | Noticed Nikola
 28301 | Swamp:3  | Killed Nikola
 28589 | Swamp:3  | Reached skill level 1 in Polearms
 28589 | Swamp:3  | Reached skill level 1 in Throwing
 28589 | Swamp:3  | Reached skill level 1 in Unarmed Combat
 28589 | Swamp:3  | Reached XP level 18. HP: 166/166 MP: 19/19
 28975 | Swamp:4  | Entered Level 4 of the Swamp
 29576 | Swamp:4  | Received a gift from Okawaru
 29836 | Swamp:4  | Got a decaying rune of Zot
 30142 | Vaults:1 | Entered Level 1 of the Vaults
 30436 | Vaults:1 | Found Ybovic's Gadget Shop.
 30439 | Vaults:1 | Lost intelligence.
 31031 | Snake:1  | Entered Level 1 of the Snake Pit
 31058 | Snake:1  | Identified Sif Muna's Handbook of the Unstable Frostbite
 31369 | Snake:1  | Noticed Agnes
 31375 | Snake:1  | Killed Agnes
 31375 | Snake:1  | Received a gift from Okawaru
 31394 | Snake:1  | Identified a +0 pair of boots of running (Okawaru gifted it to you on level 1 of the Snake Pit)
 33076 | Snake:3  | Reached XP level 19. HP: 172/172 MP: 21/21
 33153 | Snake:3  | Got an ancient platinum ring
 33154 | Snake:3  | Identified the ring "Ympasat" {EV+3 Dex+2} (You found it on level 3 of the Snake Pit)
 33664 | Snake:4  | Entered Level 4 of the Snake Pit
 33664 | Snake:4  | Noticed Louise
 33693 | Snake:4  | Killed Louise
 33855 | Snake:4  | Received a gift from Okawaru
 33858 | Snake:4  | Got a pair of slimy boots {god gift}
 33869 | Snake:4  | Identified the +1 pair of boots of Asiurhus {rElec rC+ Stlth-} (Okawaru gifted it to you on level 4 of the Snake Pit)
 33961 | Snake:4  | Noticed Elsvaer's ghost (adept HOMo)
 33987 | Snake:4  | Killed Elsvaer's ghost
 34353 | Snake:4  | Noticed Asterion
 34371 | Snake:4  | Killed Asterion
 35030 | Snake:4  | Received a gift from Okawaru
 35033 | Snake:4  | Got a slimy scale mail {god gift}
 35044 | Snake:4  | Identified the +7 scale mail of Rationality {MR+ Int-5 Dex+3} (Okawaru gifted it to you on level 4 of the Snake Pit)
 35044 | Snake:4  | Lost intelligence.
 35068 | Snake:4  | Got a serpentine rune of Zot
 35785 | Vaults:1 | Reached XP level 20. HP: 182/184 MP: 22/22
 36568 | Vaults:1 | Gained mutation: You occasionally shout uncontrollably at your foes. [mutagenic meat]
 36569 | Vaults:1 | Gained mutation: You do not regenerate when monsters are visible. [mutagenic meat]
 36573 | Vaults:1 | Gained mutation: You can translocate small distances at will. [mutagenic meat]
 36574 | Vaults:1 | Gained mutation: [You are frail. (-10% HP)] [mutagenic meat]
 36595 | Vaults:2 | Received a gift from Okawaru
 36604 | Vaults:2 | Noticed Saint Roka
 36644 | Vaults:2 | Killed Saint Roka
 36838 | Vaults:2 | Found Wuocyesh's Assorted Antiques.
 36844 | Vaults:2 | Bought a scroll of enchant weapon for 292 gold pieces
 36867 | Vaults:2 | Reached skill level 5 in Stealth
 36911 | Vaults:2 | Lost mutation: [You are frail. (-10% HP)] [mutagenic meat]
 36912 | Vaults:2 | Gained mutation: Your body sometimes deteriorates upon taking damage. [mutagenic meat]
 37043 | Vaults:2 | Received a gift from Okawaru
 37061 | Vaults:2 | Got an encrusted large shield {god gift}
 37075 | Vaults:2 | Identified the +2 large shield of the Snail {rF+} (Okawaru gifted it to you on level 2 of the Vaults)
 37401 | Vaults:2 | Noticed Jorgrun
 37409 | Vaults:2 | Killed Jorgrun
 37537 | Vaults:2 | Lost mutation: You can translocate small distances at will. [mutagenic meat]
 37538 | Vaults:2 | Gained mutation: You are covered in fur. (AC +1) [mutagenic meat]
 37540 | Vaults:2 | Gained mutation: [You tend to lose your temper in combat.] [mutagenic meat]
 37670 | Vaults:2 | Reached XP level 21. HP: 159/194 MP: 23/23
 37787 | Vaults:2 | Found Iding's Armour Boutique.
 37798 | Vaults:2 | Found Guuguf's Magic Scroll Emporium.
 37802 | Vaults:2 | Found Juigeupn's Antique Armour Shop.
 37806 | Vaults:2 | Bought a scroll of enchant weapon for 90 gold pieces
 37806 | Vaults:2 | Bought a scroll of magic mapping for 42 gold pieces
 37806 | Vaults:2 | Bought a scroll of blinking for 90 gold pieces
 37810 | Vaults:2 | Bought a spiked scale mail for 351 gold pieces
 37820 | Vaults:2 | Identified the +2 scale mail of Daisies {rN+} (You bought it in a shop on level 2 of the Vaults)
 37864 | Vaults:2 | Found a staircase to the Crypt.
 38201 | Vaults:2 | Found Henaurch's General Store.
 38209 | Vaults:2 | Bought a potion of haste for 140 gold pieces
 38240 | Vaults:2 | Found Nujuhogh's General Store.
 38247 | Vaults:2 | Bought a royal jelly for 24 gold pieces
 38247 | Vaults:2 | Bought a scroll of teleportation for 36 gold pieces
 38247 | Vaults:2 | Bought a bread ration for 60 gold pieces
 38655 | Vaults:3 | Lost mutation: [Armour fits poorly on your strangely shaped body.] [mutagenic meat]
 38656 | Vaults:3 | Gained mutation: You are partially covered in molten scales. (AC +2) [mutagenic meat]
 38658 | Vaults:3 | Lost mutation: You have large cloven feet. [mutagenic meat]
 38678 | Vaults:3 | Received a gift from Okawaru
 39718 | Vaults:4 | Received a gift from Okawaru
 39726 | Vaults:4 | Got a pair of jewelled gloves {god gift}
 39737 | Vaults:4 | Identified the +0 pair of gloves of the Hunter {Regen+ Str+3 Int+6} (Okawaru gifted it to you on level 4 of the Vaults)
 39822 | Vaults:4 | Noticed Frederick
 39829 | Vaults:4 | Killed Frederick
 40273 | Vaults:4 | Lost mutation: [You are dopey. (Int -2)] [a neqoxec]
 40435 | Vaults:4 | Noticed Mara
 40445 | Vaults:4 | Noticed Pytinka's illusion
 40458 | Vaults:4 | Killed Mara
 40863 | Vaults:4 | Reached XP level 22. HP: 206/206 MP: 24/24
 41087 | Vaults:5 | Entered Level 5 of the Vaults
 41123 | Vaults:5 | Received a gift from Okawaru
 41278 | Vaults:4 | Received a gift from Okawaru
 41508 | Vaults:5 | Noticed a golden dragon
 41515 | Vaults:5 | Received a gift from Okawaru
 41524 | Vaults:5 | Killed a golden dragon
 41768 | Vaults:5 | Reached XP level 23. HP: 168/217 MP: 25/25
 41793 | Vaults:5 | Got a scorched scale mail
 41805 | Vaults:5 | Got a translucent halberd {antimagic}
 41815 | Vaults:5 | Got an ancient spear {pierce}
 41820 | Vaults:4 | Lost mutation: [You tend to lose your temper in combat.] [potion of mutation]
 41820 | Vaults:4 | Lost mutation: Your flesh is heat resistant. (rF+) [potion of mutation]
 41820 | Vaults:4 | Lost mutation: Your body sometimes deteriorates upon taking damage. [potion of mutation]
 41820 | Vaults:4 | Gained mutation: [Armour fits poorly on your strangely shaped body.] [potion of mutation]
 41820 | Vaults:4 | Gained mutation: You have large cloven feet. [potion of mutation]
 41821 | Vaults:4 | Lost mutation: You have large cloven feet. [mutagenic meat]
 41822 | Vaults:4 | Gained mutation: You passively map a small area around you. [mutagenic meat]
 41826 | Vaults:4 | Gained mutation: [Your magical capacity is very low. (-20% MP)] [mutagenic meat]
 41827 | Vaults:4 | Lost mutation: You are partially covered in molten scales. (AC +2) [mutagenic meat]
 41881 | Vaults:4 | Identified the +11 spear "Mariav" {pierce, Str+6 Int-3} (You took it off a fire giant on level 5 of the Vaults)
 41887 | Vaults:4 | Identified the +6 halberd of Utoem {antimagic, rF+ rC+ Dex+3} (You took it off a yaktaur captain on level 5 of the Vaults)
 41915 | Vaults:4 | Identified the +8 scale mail "Jitouw" {+Inv MR++ Slay+4} (You took it off a vault warden on level 5 of the Vaults)
 41932 | Vaults:5 | Got a pitted platinum ring
 42035 | Vaults:5 | Reached skill level 1 in Long Blades
 42062 | Vaults:5 | Gained mutation: You are weak. (Str -2) [mutagenic meat]
 42063 | Vaults:5 | Lost mutation: You are resistant to electric shocks. (rElec) [mutagenic meat]
 42089 | Vaults:5 | Identified Sif Muna's Catalogue of Shifting Good Luck
 42187 | Vaults:5 | Got a silver rune of Zot
 42203 | Vaults:5 | Identified the Catalogue of the Torrid Voyage
 42225 | Vaults:5 | Got a bloodstained scale mail
 42236 | Vaults:5 | Identified the cursed +1 scale mail of Wasted Space {Dex+4} (You found it on level 5 of the Vaults)
 42311 | Vaults:5 | Got a transparent morningstar {drain}
 42312 | Vaults:5 | Identified the +8 morningstar "Ogrebane" {drain, *Contam +Fly Int+3 Dex+6} (You took it off a deep elf high priest on level 5 of the Vaults)
 42314 | Vaults:5 | Identified the ring of Joy {MP+9 Str+2} (You took it off an ironheart preserver on level 5 of the Vaults)
 42350 | Vaults:5 | Found Dacuitas's Distillery.
 42646 | Vaults:5 | Received a gift from Okawaru
 42649 | Vaults:5 | Got a faintly glowing hand axe {god gift}
 42650 | Vaults:5 | Identified the +5 hand axe "Doamasta" {venom, Fragile rF+ rN+ Int+2} (Okawaru gifted it to you on level 5 of the Vaults)
 42800 | Vaults:5 | Reached skill level 15 in Armour
 43282 | Elf:1    | Entered Level 1 of the Elven Halls
 43313 | Elf:1    | Found a radiant altar of Vehumet.
 43594 | Elf:1    | Found a magical portal.
 43597 | WizLab   | Entered Cigotuvi's Fleshworks
 43695 | WizLab   | Lost mutation: You occasionally shout uncontrollably at your foes. [mutagenic meat]
 43696 | WizLab   | Lost mutation: You are weak. (Str -2) [mutagenic meat]
 43697 | WizLab   | Gained mutation: You have a pair of large horns on your head. [mutagenic meat]
 43698 | WizLab   | Gained mutation: [You are frail. (-10% HP)] [mutagenic meat]
 43700 | WizLab   | Gained mutation: You are clumsy. (Dex -2) [mutagenic meat]
 43701 | WizLab   | Lost mutation: [You are frail. (-10% HP)] [mutagenic meat]
 43702 | WizLab   | Gained mutation: Potions are less effective at restoring your health. [mutagenic meat]
 43704 | WizLab   | Gained mutation: [You are dopey. (Int -2)] [mutagenic meat]
 43705 | WizLab   | Gained mutation: You are somewhat resistant to further mutation. [mutagenic meat]
 43964 | WizLab   | Lost mutation: You are clumsy. (Dex -2) [mutagenic meat]
 44013 | WizLab   | Paralysed by a floating eye for 2 turns
 44039 | WizLab   | Gained mutation: You possess an exceptional clarity of mind. [mutagenic meat]
 44042 | WizLab   | Gained mutation: Your spells are a little harder to cast, but a little more powerful. [mutagenic meat]
 44108 | WizLab   | Received a gift from Okawaru
 44129 | WizLab   | Identified Cigotuvi's Incunabulum of Ghastly Transmigration
 44140 | WizLab   | Identified the Guide on Transmutation
 44174 | WizLab   | Got a scorched amethyst amulet
 44176 | WizLab   | Identified the amulet "Plog" {+Rage MR+} (You found it in a wizard's laboratory)
 44285 | WizLab   | Lost mutation: Your spells are a little harder to cast, but a little more powerful. [mutagenic glow]
 44304 | WizLab   | Gained mutation: You are weak. (Str -2) [mutagenic meat]
 44322 | WizLab   | Lost mutation: [Your magical capacity is very low. (-20% MP)] [mutagenic glow]
 44370 | WizLab   | Gained mutation: You occasionally shout uncontrollably at your foes. [mutagenic glow]
 44576 | WizLab   | Lost mutation: [Armour fits poorly on your strangely shaped body.] [mutagenic meat]
 44661 | WizLab   | Reached skill level 1 in Evocations
 44697 | WizLab   | Lost mutation: You are somewhat resistant to further mutation. [mutagenic meat]
 44700 | WizLab   | Lost mutation: You passively map a small area around you. [mutagenic meat]
 44712 | WizLab   | Received a gift from Okawaru
 44725 | WizLab   | Lost mutation: You do not regenerate when monsters are visible. [mutagenic meat]
 44726 | WizLab   | Gained mutation: Your movements are slightly less encumbered by armour. (ER -2) [mutagenic meat]
 44731 | WizLab   | Got a dazzling broad axe {god gift}
 44732 | WizLab   | Identified the +10 broad axe "Udoukhot" {pain, Str+6} (Okawaru gifted it to you in a wizard's laboratory)
 44744 | WizLab   | Lost mutation: You occasionally shout uncontrollably at your foes. [potion of mutation]
 44744 | WizLab   | Lost mutation: [You are dopey. (Int -2)] [potion of mutation]
 44744 | WizLab   | Lost mutation: You have a pair of large horns on your head. [potion of mutation]
 44744 | WizLab   | Lost mutation: You are covered in fur. (AC +1) [potion of mutation]
 44744 | WizLab   | Lost mutation: Potions are less effective at restoring your health. [potion of mutation]
 44744 | WizLab   | Gained mutation: Your spells are a little harder to cast, but a little more powerful. [potion of mutation]
 44744 | WizLab   | Gained mutation: Your natural rate of healing is unusually fast. [potion of mutation]
 44745 | WizLab   | Lost mutation: [Your magical capacity is low. (-10% MP)] [potion of mutation]
 44745 | WizLab   | Lost mutation: You possess an exceptional clarity of mind. [potion of mutation]
 44745 | WizLab   | Lost mutation: You are weak. (Str -2) [potion of mutation]
 44745 | WizLab   | Lost mutation: Your spells are a little harder to cast, but a little more powerful. [potion of mutation]
 44745 | WizLab   | Lost mutation: Your natural rate of healing is unusually fast. [potion of mutation]
 44745 | WizLab   | Lost mutation: Your movements are slightly less encumbered by armour. (ER -2) [potion of mutation]
 44745 | WizLab   | Gained mutation: You are agile. (Dex +2) [potion of mutation]
 44745 | WizLab   | Gained mutation: You are somewhat resistant to further mutation. [potion of mutation]
 44746 | WizLab   | Lost mutation: You are agile. (Dex +2) [potion of mutation]
 44746 | WizLab   | Lost mutation: You are somewhat resistant to further mutation. [potion of mutation]
 44746 | WizLab   | Gained mutation: You are partially covered in yellow scales. (AC +2) [potion of mutation]
 44746 | WizLab   | Gained mutation: Your mind is acute. (Int +2) [potion of mutation]
 44746 | WizLab   | Gained mutation: You possess an exceptional clarity of mind. [potion of mutation]
 44747 | WizLab   | Lost mutation: Your mind is acute. (Int +2) [potion of mutation]
 44747 | WizLab   | Lost mutation: You possess an exceptional clarity of mind. [potion of mutation]
 44747 | WizLab   | Gained mutation: [You are frail. (-10% HP)] [potion of mutation]
 44747 | WizLab   | Gained mutation: Your flesh is cold resistant. (rC+) [potion of mutation]
 44748 | WizLab   | Lost mutation: Your flesh is cold resistant. (rC+) [potion of mutation]
 44748 | WizLab   | Lost mutation: You are partially covered in yellow scales. (AC +2) [potion of mutation]
 44748 | WizLab   | Lost mutation: [You are frail. (-10% HP)] [potion of mutation]
 44748 | WizLab   | Gained mutation: You are occasionally teleported next to monsters. [potion of mutation]
 44748 | WizLab   | Gained mutation: You have large cloven feet. [potion of mutation]
 44749 | WizLab   | Lost mutation: You have large cloven feet. [potion of mutation]
 44749 | WizLab   | Gained mutation: You have a pair of large horns on your head. [potion of mutation]
 44749 | WizLab   | Gained mutation: Your mind is acute. (Int +2) [potion of mutation]
 44749 | WizLab   | Gained mutation: [You are frail. (-10% HP)] [potion of mutation]
 44749 | WizLab   | Gained mutation: You are partially covered in molten scales. (AC +2) [potion of mutation]
 44750 | WizLab   | Lost mutation: Your mind is acute. (Int +2) [potion of mutation]
 44750 | WizLab   | Lost mutation: You have a pair of large horns on your head. [potion of mutation]
 44750 | WizLab   | Gained mutation: Your system is resistant to poisons. (rPois) [potion of mutation]
 44750 | WizLab   | Gained mutation: Your flesh is heat resistant. (rF+) [potion of mutation]
 44751 | WizLab   | Lost mutation: You are occasionally teleported next to monsters. [potion of mutation]
 44751 | WizLab   | Lost mutation: Your flesh is heat resistant. (rF+) [potion of mutation]
 44751 | WizLab   | Lost mutation: [You are frail. (-10% HP)] [potion of mutation]
 44751 | WizLab   | Lost mutation: Your system is resistant to poisons. (rPois) [potion of mutation]
 44751 | WizLab   | Gained mutation: You have a pair of large horns on your head. [potion of mutation]
 44751 | WizLab   | Gained mutation: You are resistant to electric shocks. (rElec) [potion of mutation]
 44751 | WizLab   | Gained mutation: Your flesh is cold resistant. (rC+) [potion of mutation]
 45502 | Elf:1    | Got a transparent hand axe {flame}
 45503 | Elf:1    | Identified the +7 hand axe of Welfare {flame, Dex+5} (You took it off a deep elf demonologist on level 1 of the Elven Halls)
 45964 | Elf:2    | Reached XP level 24. HP: 231/231 MP: 28/28
 46103 | Elf:2    | Found Hoischok's Food Emporium.
 46111 | Elf:2    | Bought a meat ration for 50 gold pieces
 46111 | Elf:2    | Bought a royal jelly for 20 gold pieces
 46111 | Elf:2    | Bought a royal jelly for 20 gold pieces
 46111 | Elf:2    | Bought a bread ration for 50 gold pieces
 46111 | Elf:2    | Bought a royal jelly for 20 gold pieces
 46111 | Elf:2    | Bought a royal jelly for 20 gold pieces
 46111 | Elf:2    | Bought a royal jelly for 20 gold pieces
 46331 | Elf:2    | Received a gift from Okawaru
 46366 | Elf:2    | Found a huge runed gate.
 46366 | Elf:2    | Found a huge runed gate.
 46367 | Elf:2    | Found a huge runed gate.
 46367 | Elf:2    | Found a huge runed gate.
 46368 | Elf:2    | Found a huge runed gate.
 46713 | Elf:3    | Entered Level 3 of the Elven Halls
 46915 | Elf:3    | Received a gift from Okawaru
 47145 | Elf:3    | Received a gift from Okawaru
 47188 | Elf:3    | Got a warped leather armour
 47199 | Elf:3    | Identified the +1 leather armour of the Evening Star {rC+ Int+3} (You found it on level 3 of the Elven Halls)
 47359 | Elf:3    | Got a slimy wooden ring
 47395 | Elf:3    | Identified the ring "Hont" {rF- rC+ rN+ Str+5} (You found it on level 3 of the Elven Halls)
 47441 | Elf:3    | Got a shimmering spear
 47447 | Elf:3    | Got a wavering golden amulet
 47473 | Elf:3    | Identified Kelutas's Reference Book on the Icy Birds
 47481 | Elf:3    | Identified the +10 spear of the Ring {pain, rPois Dex+4 SInv} (You found it on level 3 of the Elven Halls)
 47488 | Elf:3    | Identified the amulet of Hixacu Carr {Spirit Str+2 Int+3 Slay+3} (You found it on level 3 of the Elven Halls)
 47540 | Elf:3    | Got a polished hand axe
 47571 | Elf:3    | Identified the Almanac of Excruciating Necromancy
 47578 | Elf:3    | Identified the cursed +0 hand axe "Beonn" {antimagic, rC+ rN++ Str+4 Int-4} (You found it on level 3 of the Elven Halls)
 47887 | Depths:1 | Found a gateway to Hell.
 47910 | Depths:1 | Found a burning altar of Makhleb.
 48001 | Depths:1 | Found a glowing golden altar of the Shining One.
 48113 | Depths:1 | Found a one-way gate leading to the halls of Pandemonium.
 48210 | Depths:1 | Found a one-way gate to the infinite horrors of the Abyss.
 48852 | Hell     | Entered the Vestibule of Hell
 48852 | Hell     | Noticed Geryon
 48865 | Hell     | Killed Geryon
 48925 | Hell     | Found a gateway to the ashen valley of Gehenna.
 48937 | Hell     | Reached skill level 27 in Axes
 49143 | Hell     | Found a gateway to the decaying netherworld of Tartarus.
 49234 | Hell     | Found a gateway to the freezing wastes of Cocytus.
 49236 | Hell     | Reached XP level 25. HP: 243/243 MP: 28/28
 49352 | Hell     | Found a gateway to the Iron City of Dis.
 49367 | Hell     | Received a gift from Okawaru
 49550 | Coc:1    | Entered Level 1 of Cocytus
 49550 | Coc:1    | Found a gateway to Hell.
 49780 | Coc:1    | Noticed a shard shrike
 49793 | Coc:1    | Killed a shard shrike
 49823 | Coc:1    | Noticed a shard shrike
 49827 | Coc:1    | Killed a shard shrike
 49967 | Coc:1    | Gained mutation: [Your spells are a little easier to cast, but a little less powerful.] [mutagenic glow]
 50137 | Coc:1    | Noticed a shard shrike
 50145 | Coc:1    | Killed a shard shrike
 50228 | Coc:1    | Noticed a shard shrike
 50242 | Coc:1    | Killed a shard shrike
 50630 | Coc:2    | Found a gateway to Hell.
 50630 | Coc:2    | Found a gateway to Hell.
 50900 | Coc:2    | Found a gateway to Hell.
 51381 | Coc:2    | Noticed a shard shrike
 51386 | Coc:2    | Killed a shard shrike
 51597 | Coc:3    | Found a gateway to Hell.
 51676 | Coc:3    | Found a gateway to Hell.
 51943 | Coc:3    | Found a gateway to Hell.
 51968 | Coc:3    | Found a gateway to Hell.
 52472 | Coc:3    | Reached skill level 15 in Dodging
 52665 | Coc:4    | Found a gateway to Hell.
 52672 | Coc:4    | Reached XP level 26. HP: 257/257 MP: 28/28
 52772 | Coc:4    | Found a huge runed gate.
 52772 | Coc:4    | Found a huge runed gate.
 52772 | Coc:4    | Found a huge runed gate.
 52772 | Coc:4    | Found a huge runed gate.
 52772 | Coc:4    | Found a huge runed gate.
 52772 | Coc:4    | Found a huge runed gate.
 52772 | Coc:4    | Found a huge runed gate.
 52773 | Coc:4    | Found a huge runed gate.
 52774 | Coc:4    | Found a huge runed gate.
 52775 | Coc:4    | Found a huge runed gate.
 52780 | Coc:4    | Found a huge runed gate.
 52781 | Coc:4    | Found a huge runed gate.
 52781 | Coc:4    | Found a huge runed gate.
 52786 | Coc:4    | Found a huge runed gate.
 52807 | Coc:4    | Found a huge runed gate.
 52807 | Coc:4    | Found a huge runed gate.
 52807 | Coc:4    | Found a huge runed gate.
 52807 | Coc:4    | Found a huge runed gate.
 52807 | Coc:4    | Found a huge runed gate.
 52807 | Coc:4    | Found a huge runed gate.
 52808 | Coc:4    | Found a huge runed gate.
 52814 | Coc:4    | Found a huge runed gate.
 52815 | Coc:4    | Found a huge runed gate.
 52885 | Coc:4    | Received a gift from Okawaru
 52886 | Coc:4    | Found a gateway to Hell.
 52892 | Coc:4    | Found a gateway to Hell.
 53069 | Coc:4    | Gained mutation: [Armour fits poorly on your strangely shaped body.] [mutagenic glow]
 53085 | Coc:4    | Found a huge runed gate.
 53085 | Coc:4    | Found a huge runed gate.
 53085 | Coc:4    | Found a huge runed gate.
 53085 | Coc:4    | Found a huge runed gate.
 53085 | Coc:4    | Found a huge runed gate.
 53085 | Coc:4    | Found a huge runed gate.
 53085 | Coc:4    | Found a huge runed gate.
 53085 | Coc:4    | Found a huge runed gate.
 53085 | Coc:4    | Found a huge runed gate.
 53093 | Coc:4    | Found a huge runed gate.
 53093 | Coc:4    | Found a huge runed gate.
 53125 | Coc:4    | Found a gateway to Hell.
 53795 | Coc:5    | Found a gateway to Hell.
 53795 | Coc:5    | Found a gateway to Hell.
 54098 | Coc:5    | Reached skill level 27 in Fighting
 54170 | Coc:5    | Gained mutation: [You expend magic power (3 MP) to strengthen your wands.] [mutagenic glow]
 54449 | Coc:5    | Received a gift from Okawaru
 54522 | Coc:5    | Found a gateway to Hell.
 54627 | Coc:5    | Found a gateway to Hell.
 54720 | Coc:5    | Gained mutation: [You are frail. (-10% HP)] [mutagenic glow]
 54887 | Coc:5    | Gained mutation: You are clumsy. (Dex -2) [mutagenic glow]
 55058 | Coc:6    | Found a gateway to Hell.
 55172 | Coc:6    | Reached XP level 27. HP: 245/245 MP: 28/28
 55294 | Coc:6    | Found a gateway to Hell.
 55306 | Coc:6    | Received a gift from Okawaru
 55390 | Coc:6    | Found a gateway to Hell.
 55718 | Coc:6    | Found a gateway to Hell.
 55980 | Coc:7    | Entered Level 7 of Cocytus
 55980 | Coc:7    | Found a gateway to Hell.
 55980 | Coc:7    | Found a gateway to Hell.
 55980 | Coc:7    | Found a gateway to Hell.
 56321 | Coc:7    | Received a gift from Okawaru
 56734 | Coc:7    | Received a gift from Okawaru
 57317 | Coc:7    | Received a gift from Okawaru
 57917 | Coc:7    | Noticed Antaeus
 57956 | Coc:7    | Killed Antaeus
 57970 | Coc:7    | Got a crude plate armour
 57975 | Coc:7    | Got an icy rune of Zot
 58025 | Coc:7    | Identified the +9 plate armour of Kuvegash {Dex+2 Slay+3} (You found it on level 7 of Cocytus)
 58105 | Coc:7    | Got a transparent great sword
 58168 | Hell     | Identified the +3 great sword "Gixtya" {slice, rPois MR+ Str+6 SInv} (You found it on level 7 of Cocytus)
 58181 | Hell     | Lost mutation: [Armour fits poorly on your strangely shaped body.] [potion of mutation]
 58181 | Hell     | Lost mutation: You have a pair of large horns on your head. [potion of mutation]
 58181 | Hell     | Lost mutation: You are clumsy. (Dex -2) [potion of mutation]
 58181 | Hell     | Lost mutation: [Your spells are a little easier to cast, but a little less powerful.] [potion of mutation]
 58181 | Hell     | Lost mutation: [You are frail. (-10% HP)] [potion of mutation]
 58181 | Hell     | Lost mutation: Your flesh is cold resistant. (rC+) [potion of mutation]
 58181 | Hell     | Gained mutation: [Armour fits poorly on your strangely shaped body.] [potion of mutation]
 58181 | Hell     | Gained mutation: Your mind is acute. (Int +2) [potion of mutation]
 58181 | Hell     | Gained mutation: Your spells are a little harder to cast, but a little more powerful. [potion of mutation]
 58182 | Hell     | Lost mutation: Your spells are a little harder to cast, but a little more powerful. [potion of mutation]
 58182 | Hell     | Lost mutation: [Armour fits poorly on your strangely shaped body.] [potion of mutation]
 58182 | Hell     | Lost mutation: Your mind is acute. (Int +2) [potion of mutation]
 58182 | Hell     | Lost mutation: You are resistant to electric shocks. (rElec) [potion of mutation]
 58182 | Hell     | Lost mutation: [You expend magic power (3 MP) to strengthen your wands.] [potion of mutation]
 58182 | Hell     | Gained mutation: You have sharp toenails. [potion of mutation]
 58182 | Hell     | Gained mutation: Your mind is acute. (Int +2) [potion of mutation]
 58453 | Slime:1  | Entered Level 1 of the Pits of Slime
 58464 | Slime:1  | Gained mutation: [You are frail. (-10% HP)] [a shining eye]
 58672 | Slime:2  | Gained mutation: [Armour fits poorly on your strangely shaped body.] [a shining eye]
 58744 | Slime:2  | Received a gift from Okawaru
 58858 | Slime:2  | Gained mutation: You occasionally shout uncontrollably at your foes. [a shining eye]
 58859 | Slime:2  | Gained mutation: You sometimes yell uncontrollably at your foes. [a shining eye]
 59166 | Slime:1  | Lost mutation: Your mind is acute. (Int +2) [a shining eye]
 59204 | Slime:1  | Gained mutation: [You are very frail. (-20% HP)] [a shining eye]
 60270 | Slime:5  | Entered Level 5 of the Pits of Slime
 60305 | Slime:5  | Found a viscous altar of Jiyva.
 60306 | Slime:5  | Noticed the Royal Jelly
 60318 | Slime:5  | Paralysed by a floating eye for 4 turns
 60438 | Slime:5  | Gained mutation: You frequently scream uncontrollably at your foes. [a shining eye]
 60441 | Slime:5  | Lost mutation: [Armour fits poorly on your strangely shaped body.] [a shining eye]
 60447 | Slime:5  | Reached skill level 27 in Shields
 60476 | Slime:5  | Gained mutation: [Armour fits poorly on your strangely shaped body.] [a shining eye]
 60481 | Slime:5  | Gained mutation: You are weak. (Str -2) [a shining eye]
 60584 | Slime:5  | Killed the Royal Jelly
 60736 | Slime:5  | Got a slimy rune of Zot
 60760 | Slime:5  | Got a shimmering scale mail
 60794 | Slime:5  | Identified the +4 scale mail of Cairop {Int+7} (You found it on level 5 of the Pits of Slime)
 61285 | D:15     | Lost mutation: [You are very frail. (-20% HP)] [potion of mutation]
 61285 | D:15     | Lost mutation: You frequently scream uncontrollably at your foes. [potion of mutation]
 61285 | D:15     | Lost mutation: You are partially covered in molten scales. (AC +2) [potion of mutation]
 61285 | D:15     | Lost mutation: [You are frail. (-10% HP)] [potion of mutation]
 61285 | D:15     | Gained mutation: You are partially covered in slimy green scales. (AC +2) [potion of mutation]
 61285 | D:15     | Gained mutation: You frequently scream uncontrollably at your foes. [potion of mutation]
 61285 | D:15     | Lost mutation: You frequently scream uncontrollably at your foes. [potion of mutation]
 61285 | D:15     | Gained mutation: Your mind is acute. (Int +2) [potion of mutation]
 61286 | D:15     | Lost mutation: You have sharp toenails. [potion of mutation]
 61286 | D:15     | Lost mutation: Your mind is acute. (Int +2) [potion of mutation]
 61286 | D:15     | Gained mutation: Your spells are a little harder to cast, but a little more powerful. [potion of mutation]
 61286 | D:15     | Gained mutation: Your system is resistant to poisons. (rPois) [potion of mutation]
 61286 | D:15     | Lost mutation: Your spells are a little harder to cast, but a little more powerful. [potion of mutation]
 61286 | D:15     | Gained mutation: Your skin changes colour to match your surroundings (Stealth+). [potion of mutation]
 61287 | D:15     | Lost mutation: You are weak. (Str -2) [potion of mutation]
 61287 | D:15     | Lost mutation: [Armour fits poorly on your strangely shaped body.] [potion of mutation]
 61287 | D:15     | Lost mutation: You are partially covered in slimy green scales. (AC +2) [potion of mutation]
 61287 | D:15     | Lost mutation: You sometimes yell uncontrollably at your foes. [potion of mutation]
 61287 | D:15     | Gained mutation: [You are frail. (-10% HP)] [potion of mutation]
 61287 | D:15     | Gained mutation: Your muscles are strong. (Str +2) [potion of mutation]
 61288 | D:15     | Lost mutation: [You are frail. (-10% HP)] [potion of mutation]
 61288 | D:15     | Lost mutation: You occasionally shout uncontrollably at your foes. [potion of mutation]
 61288 | D:15     | Gained mutation: Your flesh is cold resistant. (rC+) [potion of mutation]
 61288 | D:15     | Gained mutation: You are robust. (+10% HP) [potion of mutation]
 61347 | Depths:2 | Received a gift from Okawaru
 61796 | Depths:2 | Noticed a juggernaut
 61804 | Depths:2 | Killed a juggernaut
 61865 | Depths:2 | Got a scorched scimitar
 62017 | Depths:2 | Identified the +9 scimitar "Ilappuv" {holy, +Fly rElec} (You found it on level 2 of the Depths)
 62461 | Depths:3 | Noticed Margery
 62483 | Depths:3 | Killed Margery
 62944 | Depths:3 | Received a gift from Okawaru
 63115 | Depths:3 | Got a vibrating copper ring
 63117 | Depths:3 | Identified the ring of Kanota {*Tele rPois Str+4} (You found it on level 3 of the Depths)
 63236 | Depths:4 | Noticed a juggernaut
 63237 | Depths:4 | Noticed a juggernaut
 63238 | Depths:4 | Noticed a juggernaut
 63410 | Depths:4 | Found Vaymuaxt's Weapon Shoppe.
 63580 | Depths:4 | Reached skill level 5 in Evocations
 63588 | Depths:4 | Received a gift from Okawaru
 63766 | Depths:4 | Killed a juggernaut
 63771 | Depths:4 | Killed a juggernaut
 63775 | Depths:4 | Reached skill level 10 in Stealth
 63950 | Depths:4 | Killed a juggernaut
 63959 | Depths:4 | Got a transparent chain mail
 63968 | Depths:4 | Identified the +8 chain mail of Agnosticism {rPois rC+ Int-3} (You found it on level 4 of the Depths)
 64014 | Depths:5 | Entered Level 5 of the Depths
 64056 | Depths:5 | Found a gateway to a ziggurat.
 64090 | Zig:1    | Entered Level 1 of a ziggurat
 64092 | Zig:1    | Noticed Vupawkiu the pandemonium lord
 64104 | Zig:1    | Killed Vupawkiu the pandemonium lord
 64118 | Zig:2    | Entered Level 2 of a ziggurat
 64149 | Zig:3    | Entered Level 3 of a ziggurat
 64187 | Zig:3    | Got an ancient quarterstaff
 64189 | Zig:3    | Identified the +9 quarterstaff "Embalmer" {crush, rElec MR+++ Str+3 Int-2} (You found it on level 3 of a ziggurat)
 64192 | Zig:4    | Entered Level 4 of a ziggurat
 64242 | Zig:4    | Identified Tuikhler's Collected Works on Augmentations and Earth
 64278 | Zig:5    | Entered Level 5 of a ziggurat
 64283 | Zig:5    | Noticed a greater mummy
 64301 | Zig:5    | Killed a greater mummy
 64301 | Zig:5    | Received a gift from Okawaru
 64335 | Zig:5    | Identified Sif Muna's Reference Book on Creative Moulding
 64345 | Zig:6    | Entered Level 6 of a ziggurat
 64383 | Zig:6    | Got a shimmering falchion
 64384 | Zig:6    | Identified the +9 falchion "Nibb" {drain, +Fly} (You found it on level 6 of a ziggurat)
 64403 | Zig:6    | Got a shimmering long sword
 64412 | Zig:7    | Entered Level 7 of a ziggurat
 64459 | Zig:8    | Entered Level 8 of a ziggurat
 64638 | Zig:8    | Identified the Reference Book on Moulding
 64647 | Zig:8    | Got a transparent falchion
 64653 | Zig:8    | Got a sparkling glass ring
 64655 | Zig:8    | Got an encrusted trident
 64657 | Zig:8    | Got a dazzling long sword
 64667 | Zig:8    | Identified the ring of Yredelemnul's Anger {rF+ MR+} (You found it on level 8 of a ziggurat)
 64682 | Zig:9    | Entered Level 9 of a ziggurat
 64771 | Zig:10   | Entered Level 10 of a ziggurat
 64791 | Zig:10   | Noticed a greater mummy
 64810 | Zig:10   | Killed a greater mummy
 64851 | Zig:10   | Identified Cigotuvi's Tome of Unholy Rites and Transmigration
 64871 | Zig:10   | Got a transparent mace
 64874 | Zig:10   | Got a smoking buckler
 64891 | Zig:10   | Identified the +5 buckler of Hoep {+Blink rElec} (You found it on level 10 of a ziggurat)
 64910 | Zig:11   | Entered Level 11 of a ziggurat
 64984 | Zig:11   | Reached skill level 10 in Evocations
 65085 | Zig:12   | Entered Level 12 of a ziggurat
 65110 | Zig:12   | Noticed Pufamepa the pandemonium lord
 65123 | Zig:12   | Noticed Fofrid the pandemonium lord
 65125 | Zig:12   | Noticed Uqutz the pandemonium lord
 65137 | Zig:12   | Killed Pufamepa the pandemonium lord
 65140 | Zig:12   | Killed Fofrid the pandemonium lord
 65140 | Zig:12   | Killed Uqutz the pandemonium lord
 65160 | Zig:12   | Received a gift from Okawaru
 65203 | Zig:12   | Reached skill level 1 in Spellcasting
 65241 | Zig:13   | Entered Level 13 of a ziggurat
 65316 | Zig:14   | Entered Level 14 of a ziggurat
 65444 | Zig:14   | Got a crude executioner's axe
 65462 | Zig:14   | Identified the Guide on the Blaze and Evil
 65473 | Zig:15   | Entered Level 15 of a ziggurat
 65489 | Zig:15   | Noticed an ancient lich
 65509 | Zig:15   | Killed an ancient lich
 65561 | Zig:15   | Got a wavering lapis lazuli ring
 65576 | Zig:15   | Got a clouded jade ring
 65590 | Zig:16   | Entered Level 16 of a ziggurat
 65637 | Zig:16   | Noticed Elebb the pandemonium lord
 65667 | Zig:16   | Received a gift from Okawaru
 65671 | Zig:16   | Killed Elebb the pandemonium lord
 65698 | Zig:16   | HP: 13/300 [??? (7)]
 65715 | Zig:16   | HP: 12/300 [something (16)]
 65725 | Zig:16   | Got a slimy broad axe {god gift}
 66002 | Zig:16   | Got a translucent turquoise ring
 66027 | Zig:16   | Identified the ring "Umuysoha" {Str+5 Slay+5 SInv} (You found it on level 15 of a ziggurat)
 66029 | Zig:16   | Identified the ring of the Thirteen Mice {MR+ Dex+4} (You found it on level 15 of a ziggurat)
 66031 | Zig:16   | Identified the ring "Iwewnioq" {+Fly rF+ rC++} (You found it on level 16 of a ziggurat)
 66038 | Zig:17   | Entered Level 17 of a ziggurat
 66061 | Zig:17   | Noticed an ancient lich
 66067 | Zig:17   | Received a gift from Okawaru
 66067 | Zig:17   | Paralysed by accursed screaming for 2 turns
 66081 | Zig:17   | Gained mutation: [You have an uncontrollable temper.] [a neqoxec]
 66084 | Zig:17   | Paralysed by accursed screaming for 2 turns
 66087 | Zig:17   | Gained mutation: [Your magical capacity is extremely low. (-30% MP)] [a neqoxec]
 66092 | Zig:17   | Killed an ancient lich
 66092 | Zig:17   | Paralysed by accursed screaming for 2 turns
 66094 | Zig:17   | Lost intelligence.
 66102 | Zig:17   | HP: 10/245 [starcursed mass/accursed screaming (30)]
 66103 | Zig:17   | Slain by a hell hog

Skill      XL: |  1  2  3  4  5  6  7  8  9 10 11 12 13 14 15 16 17 18 19 20 21 22 23 24 25 26 27 |
---------------+----------------------------------------------------------------------------------+-----
Fighting       | 4 5 6 7 8 9 11 12 13 14 15 16 17 18 19 20 21 23 25 27 | 27.0
Armour         | 4 5 6 7 8 9 10 11 12 13 14 16 17 18 19 25 | 25.7
Shields        | 4 5 6 7 9 10 11 12 14 16 18 19 21 22 24 25 27 | 27.0
Axes           | 3 4 5 6 9 11 12 14 16 17 18 19 20 21 22 24 25 27 | 27.0
Dodging        | 1 2 3 4 5 6 7 8 9 10 11 12 13 15 17 26 | 26.8
Stealth        | 1 2 3 4 5 6 12 | 12.5
Invocations    | 3 5 6 7 8 |  8.1
Polearms       | 1 4 |  4.0
Throwing       | 1 2 |  2.6
Unarmed Combat | 1 |  1.5
Long Blades    | 3 |  3.2
Evocations     | 1 2 12 | 12.5
Spellcasting   | 1 |  1.7

Action                   |  1- 3 |  4- 6 |  7- 9 | 10-12 | 13-15 | 16-18 | 19-21 | 22-24 | 25-27 || total
-------------------------+-------+-------+-------+-------+-------+-------+-------+-------+-------++-------
Melee: War axe           |    86 |    75 |   153 |       |   926 |    35 |       |       |       ||  1275
       Headbutt          |    14 |    12 |    59 |   123 |   300 |   205 |   346 |   329 |  1192 ||  2580
       Unarmed           |       |    60 |       |       |       |       |       |       |       ||    60
       Broad axe         |       |       |   226 |   558 |   234 |   943 |  1308 |   972 |  3427 ||  7668
       Kick              |       |       |       |    43 |       |       |       |       |       ||    43
       Hand axe          |       |       |       |       |       |       |       |   190 |       ||   190
       Spear             |       |       |       |       |       |       |       |    99 |       ||    99
       Katana            |       |       |       |       |       |       |       |    18 |       ||    18
Invok: Heroism           |       |       |       |       |    17 |    13 |    15 |     9 |     2 ||    56
       Finesse           |       |       |       |       |    13 |     5 |     6 |     8 |    24 ||    56
Evoke: Wand              |       |       |       |     1 |       |       |       |    10 |     8 ||    19
       Horn of Geryon    |       |       |       |       |       |       |       |     1 |       ||     1
  Use: Potion            |     1 |     2 |       |     3 |     6 |     3 |     4 |    15 |    21 ||    55
       Scroll            |       |       |       |    26 |    22 |     7 |     4 |    17 |    20 ||    96
 Stab: Sleeping          |       |       |     1 |     1 |     6 |       |     1 |     1 |     6 ||    16
       Distracted        |       |       |       |     1 |       |       |     1 |     2 |     7 ||    11
       Confused          |       |       |       |       |       |     1 |       |       |       ||     1
       Invisible         |       |       |       |       |       |       |     8 |       |       ||     8
  Eat: Chunk             |     1 |     6 |    14 |    33 |    47 |    14 |    21 |    84 |       ||   220
       Meat ration       |       |       |       |     1 |     2 |     2 |     1 |     1 |     5 ||    12
       Royal jelly       |       |       |       |       |       |     1 |     4 |     4 |     9 ||    18
       Fruit             |       |       |       |       |       |       |    10 |     1 |       ||    11
       Bread ration      |       |       |       |       |       |       |       |     2 |     5 ||     7
Armor: Scale mail        |    41 |    28 |       |       |       |       |    35 |   144 |   289 ||   537
       Ring mail         |       |    10 |    89 |   145 |    52 |       |       |       |       ||   296
       Ice dragon scales |       |       |       |       |   129 |   129 |    56 |       |       ||   314
       Pearl dragon scal |       |       |       |       |       |       |       |       |   126 ||   126
Dodge: Dodged            |    39 |    73 |   118 |   216 |   284 |   133 |   170 |   208 |   707 ||  1948
       Deflected         |       |       |       |       |       |       |       |    15 |       ||    15
Block: Shield            |    54 |    35 |   204 |   274 |   195 |       |       |       |       ||   762
       Large shield      |       |       |       |       |   691 |  1028 |  1429 |  1270 |  3691 ||  8109
       Reflection        |       |       |       |       |       |    63 |   178 |   143 |   153 ||   537
       Rpst.: Broad axe  |       |       |       |       |       |       |       |       |     9 ||     9
